 Dungeon Crawl Stone Soup version 0.29.0-4-gdea44cf6ec (webtiles) character file.

Game seed: 565441444865026808

2 qw the Sneak (level 1, 0/14 HPs)
             Began as a Gargoyle Delver on Sept 10, 2022.
             Slain by an orc
             ... wielding a +0 short sword
              (2 damage)
             ... on level 5 of the Dungeon.
             The game lasted 00:00:02 (51 turns).

qw the Sneak (Gargoyle Delver)                        Turns: 51, Time: 00:00:03

Health: 0/14       AC:  5    Str: 15    XL:     1   Next: 30%
Magic:  1/1        EV: 11    Int: 10    God:
Gold:   0          SH:  0    Dex: 11    Spells: 0/0 levels left

rFire   . . .      SeeInvis .   a - +0 hand axe
rCold   . . .      Faith    .   (no shield)
rNeg    + . .      Spirit   .   b - +0 leather armour
rPois   inf        Reflect  .   (no helmet)
rElec   +          Harm     .   (no cloak)
rCorr   .          Rampage  .   (no gloves)
Will    .....                   (no boots)
Stlth   +++.......              (no amulet)
HPRegen 0.04/turn               (no ring)
MPRegen 0.07/turn               (no ring)

@: no status effects
A: sickness immunity, AC +2, negative energy resistance 1, electricity
resistance, torment resistance 1, petrification resistance
a: no special abilities


You were on level 5 of the Dungeon.
You visited 1 branch of the dungeon, and saw 1 of its levels.


Innate Abilities, Weirdness & Mutations

You are immune to sickness and miasma.
Your stone body is resilient. (AC +2)
You are immune to poison.
You resist negative energy. (rN+)
You are resistant to electric shocks. (rElec)
You are resistant to unholy torment.
You are immune to petrification.


   Skills:
 - Level 3.2 Fighting
 + Level 2.0 Axes
 - Level 1.5 Dodging
 - Level 5.4 Stealth


You couldn't memorise any spells.
You didn't know any spells.
Your spell library was empty.

Inventory:

Hand Weapons
 a - a +0 hand axe (weapon)
Armour
 b - a +0 leather armour (worn)
 j - a +0 helmet
Wands
 g - a wand of digging (3)
Scrolls
 c - a scroll of fog
 d - a scroll of magic mapping
 e - a scroll of fear
Potions
 f - a potion of haste
 h - a potion of mutation {unknown}
 i - a potion of might {unknown}

Dungeon Overview and Level Annotations

Branches:
Dungeon (5/15)
 Temple: D:4-7

Altars:

Annotations:
D:5 Sigmund


Message History

Found a stone staircase leading down.
Assign waypoint to what number? (0-9) Waypoint 2 assigned to D:5.
0 ||| PLANNING D:1-11
h - a yellow potion You see here a +0 leather armour.
i - a coppery potion
j - a +0 helmet An orc wizard comes into view.
It is wielding a +0 dagger.
The orc wizard shouts!
You hear a shout! x2
An orc comes into view. It is wielding a +0 hand axe.
An orc comes into view. It is wielding a +0 short sword.
You hear a shout!
29 ||| Stepping ~*~*~tactically~*~*~ (hiding).
You start waiting.
An orc is nearby!
You hit the orc.
The orc is heavily wounded.
The orc closely misses you.
You slash the orc!
You kill the orc!
Your Axes skill increases to level 2!
You start waiting.
An orc comes into view. It is wielding a +4 whip.
39 ||| Stepping ~*~*~tactically~*~*~ (stealth).
The orc shouts!
Sigmund the Dreaded comes into view.
He is wielding a +0 scythe.
41 ||| Stepping ~*~*~tactically~*~*~ (hiding).
42 ||| Stepping ~*~*~tactically~*~*~ (stealth).
45 ||| Stepping ~*~*~tactically~*~*~ (hiding).
47 ||| Stepping ~*~*~tactically~*~*~ (hiding).
You hear the slow hiss of a very distant avalanche of sand.
The orc barely misses you.
You barely miss the orc. The orc hits you with a +0 short sword.
Sigmund hits you from afar with a +0 scythe!
Ouch! That really hurt!
You barely miss the orc. The orc hits you with a +0 short sword.
You die...

@ ###### ..
###....### ...
##......[>###
.o..
##...####....###
#...####@.###
###....#
#.o.o@o.##
#....# ##.....##
#....# ##..$.#
##...## #....#
#..### #.....#
#..## #=.....
#..# #..###..#
#..# ..# ##..
#..#


You could see Sigmund, an orc wizard and 2 orcs.

Vanquished Creatures
  An orc (D:5)
1 creature vanquished.

Notes
Turn   | Place    | Note
-------+----------+-------------------------------------------
     0 | D:5      | qw the Gargoyle Delver began the quest for the Orb.
     0 | D:5      | Reached XP level 1. HP: 14/14 MP: 1/1
     0 | D:5      | 0 ||| qw: Version: 0.1-a-117-gfe26ee0
     0 | D:5      | 0 ||| qw: Game counter: 9615
     0 | D:5      | 0 ||| qw: Always use a shield: true
     0 | D:5      | 0 ||| qw: God list: Okawaru
     0 | D:5      | 0 ||| qw: Allow faded altars: false
     0 | D:5      | 0 ||| qw: Do Orc after D:15 true
     0 | D:5      | 0 ||| qw: Do second Lair branch before Depths: true
     0 | D:5      | 0 ||| qw: Lair rune preference: random
     0 | D:5      | 0 ||| qw: Plans: Normal
     0 | D:5      | 0 ||| PLANNING D:1-11
    28 | D:5      | Noticed an orc wizard
    29 | D:5      | 29 ||| Stepping ~*~*~tactically~*~*~ (hiding).
    39 | D:5      | 39 ||| Stepping ~*~*~tactically~*~*~ (stealth).
    40 | D:5      | Noticed Sigmund
    41 | D:5      | 41 ||| Stepping ~*~*~tactically~*~*~ (hiding).
    42 | D:5      | 42 ||| Stepping ~*~*~tactically~*~*~ (stealth).
    45 | D:5      | 45 ||| Stepping ~*~*~tactically~*~*~ (hiding).
    47 | D:5      | 47 ||| Stepping ~*~*~tactically~*~*~ (hiding).
    50 | D:5      | HP: 2/14 [Sigmund/+0 scythe (10)]
    51 | D:5      | Slain by an orc

Levels and vault maps discovered:
D:5:      layout_layer_cave, mainiacjoe_overflow_surrounded_room,
          nicolae_ossuary_entry_giza, serial_undead, serial_undead_b,
          serial_undead_c, serial_undead_d, serial_undead_d, serial_undead_c,
          uniq_edmund, uniq_menkaure, uniq_sigmund

Skill      XL: |  1 |
---------------+----+-----
Axes           | 2 |  2.0
Fighting       | |  3.2
Dodging        | |  1.5
Stealth        | |  5.4

Action                   || total
-------------------------++-------
Melee: Hand axe          ||     4
Dodge: Dodged            ||     2

Table legend:
 A = Non-vault XP
 B = Vault XP
 C = Vault XP percentage of total XP
 D = Non-vault monster count
 E = Vault monster count
 F = Vault count percentage of total count
                 A         B        C        D         E       F
            +---------+---------+-------+---------+---------+-------
      Total |       3 |       0 |   0.0 |       1 |       0 |   0.0
            +---------+---------+-------+---------+---------+-------
        D:5 |       3 |       0 |   0.0 |       1 |       0 |   0.0
            +---------+---------+-------+---------+---------+-------
